 Dungeon Crawl Stone Soup version 0.29.0-4-gdea44cf6ec (webtiles) character file.

Game seed: 12720628095870739055

208 qw the Chopper (level 5, -4/30 HPs)
             Began as a Tengu Warper on Aug 28, 2022.
             Shot with an arrow by a centaur (11 damage)
             ... on level 6 of the Dungeon.
             The game lasted 00:00:14 (2653 turns).

qw the Chopper (Tengu Warper)                       Turns: 2653, Time: 00:00:15

Health: -4/30      AC: 11    Str: 20    XL:     5   Next: 86%
Magic:  9/9        EV: 13    Int: 13    God:
Gold:   115        SH:  0    Dex: 13    Spells: 8/8 levels left

rFire   . . .      SeeInvis .   Y - +1 hand axe
rCold   . . .      Faith    .   (no shield)
rNeg    . . .      Spirit   .   d - +0 chain mail
rPois   .          Reflect  .   (helmet restricted)
rElec   .          Harm     .   (no cloak)
rCorr   .          Rampage  .   m - +2 pair of gloves
Will    .....                   (boots unavailable)
Stlth   ..........              (no amulet)
HPRegen 0.10/turn               n - +4 ring of evasion
MPRegen 0.11/turn               i - +6 ring of strength

@: flying quickly and evasively, quick
A: beak, talons 3, nimble flight
a: no special abilities


You were on level 6 of the Dungeon.
You visited 1 branch of the dungeon, and saw 4 of its levels.

You collected 115 gold pieces.


Innate Abilities, Weirdness & Mutations

You have a beak for a mouth.
You have claws for feet.
Your magical nature lets you fly swiftly and evasively.


   Skills:
 - Level 2.0 Fighting
 - Level 6.5 Axes
 - Level 1.0 Throwing
 + Level 1.1 Armour
 - Level 2.1 Dodging
 - Level 2.0 Spellcasting
 - Level 2.4 Translocations


You had 8 spell levels left.
You didn't know any spells.
Your spell library contained the following spells:

 Spells                   Type           Power      Damage    Failure   Level
 Blink                    Tloc           14%        N/A       86%         2
 Gell's Gravitas          Tloc           7%         N/A       98%         3
 Lesser Beckoning         Tloc           7%         N/A       98%         3
 Teleport Other           Tloc           7%         N/A       98%         3
 Manifold Assault         Tloc           7%         N/A       100%        5

Inventory:

Hand Weapons
 k - a +0 whip
 Y - a +1 hand axe (weapon)
Armour
 d - a +0 chain mail (worn)
 m - a +2 pair of gloves (worn)
Jewellery
 i - a +6 ring of strength (right hand)
 n - a +4 ring of evasion (left hand)
Scrolls
 a - a scroll of identify
Potions
 b - a potion of haste {unknown}
 c - a potion of cancellation {unknown}
 e - a potion of brilliance {unknown}
 h - a potion of mutation {unknown}

Dungeon Overview and Level Annotations

Branches:
Dungeon (6/15)
 Temple: D:4-7

Altars:
Xom


Message History

The phantom is severely damaged.
The phantom hits you but does no damage.
You closely miss the phantom. Your kick misses the phantom.
The phantom is severely damaged.
The phantom barely misses you.
You hit the phantom. You claw the phantom.
The phantom is almost destroyed.
The phantom hits you but does no damage.
You hit the phantom but do no damage.
The phantom is almost destroyed.
The phantom closely misses you.
You miss the phantom. You claw the phantom, but do no damage.
The phantom is almost destroyed.
The phantom barely misses you.
You miss the phantom.
The phantom is almost destroyed.
The phantom misses you.
You closely miss the phantom. Your kick misses the phantom.
Your peck misses the phantom.
The phantom is almost destroyed.
The phantom hits you but does no damage.
You barely miss the phantom. Your kick misses the phantom.
The phantom is almost destroyed.
The phantom closely misses you.
You hit the phantom but do no damage. You claw the phantom.
You destroy the phantom!
Your Axes skill increases to level 6!
You start resting.
HP restored.
There is an escape hatch in the ceiling here.
A centaur comes into view. It is wielding a +0 war axe.
Enter note: The centaur shouts!
The centaur unwields a +0 war axe.
The centaur wields a +0 shortbow.
The centaur shoots an arrow.
The arrow closely misses you.
The centaur shoots an arrow.
The arrow hits you.
The centaur shoots an arrow.
The arrow hits you!
The centaur shoots an arrow.
The arrow hits you!
The centaur shoots an arrow.
The arrow hits you!
You die...

#<# ########.# #
.........# ..
#########.### ..
#...........#
#.###.#######.#.#
#......# #.#.#
#...[.#####.#.#
#.@........#.#
#c....###.###.#
#......# #.# .#
#.###.### #.# .#
#. #.# #.. .. #..
... # ### ####


You could see a centaur.

Vanquished Creatures
  A phantom (D:6)
  A gnoll bouda (D:6)
  2 adders
  3 gnolls (D:6)
  A white imp (D:6)
  An orc (D:3)
  6 bats
  5 endoplasms
  A giant cockroach (D:1)
  2 goblins
  5 hobgoblins
  6 jackals
  4 quokkas
  2 ball pythons
  3 frilled lizards
  3 kobolds
  4 rats (D:2)
50 creatures vanquished.

Notes
Turn   | Place    | Note
-------+----------+-------------------------------------------
     0 | D:1      | qw the Tengu Warper began the quest for the Orb.
     0 | D:1      | Reached XP level 1. HP: 12/12 MP: 4/4
     0 | D:1      | 0 ||| qw: Version: 0.1-a-89-g26bdef1
     0 | D:1      | 0 ||| qw: Game counter: 1695
     0 | D:1      | 0 ||| qw: Always use a shield: true
     0 | D:1      | 0 ||| qw: God list: Okawaru
     0 | D:1      | 0 ||| qw: Allow faded altars: false
     0 | D:1      | 0 ||| qw: Do Orc after D:15 true
     0 | D:1      | 0 ||| qw: Do second Lair branch before Depths: true
     0 | D:1      | 0 ||| qw: Lair rune preference: random
     0 | D:1      | 0 ||| qw: Plans: Normal
     0 | D:1      | 0 ||| PLANNING D:1-11
   387 | D:1      | Reached XP level 2. HP: 8/17 MP: 6/6
   390 | D:1      | Reached skill level 3 in Axes
  1002 | D:1      | 1002 ||| Stepping ~*~*~tactically~*~*~ (stealth).
  1201 | D:1      | 1201 ||| Stepping ~*~*~tactically~*~*~ (stealth).
  1202 | D:1      | 1202 ||| Stepping ~*~*~tactically~*~*~ (stealth).
  1210 | D:1      | 1210 ||| Stepping ~*~*~tactically~*~*~ (stealth).
  1426 | D:1      | 1426 ||| UPGRADING to +0 chain mail.
  1436 | D:1      | 1436 ||| DROPPING +0 leather armour.
  1437 | D:1      | 1437 ||| DROPPING +0 ring mail.
  1438 | D:1      | 1438 ||| UPGRADING to +2 pair of gloves.
  1443 | D:1      | 1443 ||| UPGRADING to +4 ring of evasion.
  1444 | D:1      | 1444 ||| READING 2 scrolls labelled DUIPUA WYFA.
  1445 | D:1      | 1445 ||| READING scroll labelled OPUCE PIDITUSA.
  1446 | D:1      | 1446 ||| READING scroll labelled XAITUFFE CEOK.
  1447 | D:1      | 1447 ||| READING scroll labelled JAIVOV SACSEICS.
  1448 | D:1      | 1448 ||| DROPPING scroll of blinking.
  1504 | D:2      | Reached XP level 3. HP: 21/21 MP: 7/7
  1609 | D:2      | 1609 ||| Stepping ~*~*~tactically~*~*~ (stealth).
  1630 | D:2      | Reached skill level 4 in Axes
  1732 | D:2      | Found a shimmering altar of Xom.
  1998 | D:2      | 1998 ||| UPGRADING to +6 ring of strength.
  1999 | D:2      | 1999 ||| READING scroll labelled OXUXONW NUZICO.
  2000 | D:2      | 2000 ||| READING scroll labelled JEGECK LY EDEL.
  2001 | D:2      | 2001 ||| READING 4 scrolls labelled EKHIOST PIAL.
  2002 | D:2      | 2002 ||| READING scroll labelled JEUHYAWUWU.
  2103 | D:2      | 2103 ||| READING scroll labelled HAALYL GOMIV.
  2104 | D:2      | 2104 ||| READING scroll labelled ICOIPH QIEXON.
  2107 | D:2      | 2107 ||| DROPPING 3 scrolls of magic mapping.
  2133 | D:3      | 2133 ||| STAIRDANCE
  2147 | D:3      | 2147 ||| Stepping ~*~*~tactically~*~*~ (stealth).
  2219 | D:3      | Reached XP level 4. HP: 26/26 MP: 8/8
  2301 | D:3      | You fall into a shaft and drop 3 floors!
  2332 | D:6      | Reached skill level 5 in Axes
  2332 | D:6      | 2332 ||| Stepping ~*~*~tactically~*~*~ (hiding).
  2338 | D:6      | Gained mutation: Your magical nature lets you fly swiftly
                  | and evasively. [Tengu growth]
  2338 | D:6      | Reached XP level 5. HP: 13/30 MP: 9/9
  2598 | D:6      | Noticed a phantom
  2620 | D:6      | Killed a phantom
  2621 | D:6      | Reached skill level 6 in Axes
  2649 | D:6      | Noticed a centaur
  2652 | D:6      | HP: 7/30 [centaur/arrow (10)]
  2653 | D:6      | Shot with an arrow by a centaur

Levels and vault maps discovered:
D:1:      wheals_arrival_linesprint, layout_basic
D:2:      layout_rooms, basic_altar, minmay_misc_feat_columns
D:3:      layout_loops_cross, serial_forest, infiniplex_forest_lined_corner,
          infiniplex_forest_straight_3, infiniplex_forest_clump_small,
          infiniplex_forest_side_room, infiniplex_forest_straight_4,
          infiniplex_forest_lined_4_way
D:6:      layout_loops_ring, temple_green

Skill      XL: |  1  2  3  4  5 |
---------------+----------------+-----
Axes           | 3 4 5 6 |  6.5
Fighting       | |  2.0
Throwing       | |  1.0
Armour         | |  1.1
Dodging        | |  2.1
Spellcasting   | |  2.0
Translocations | |  2.4

Action                   |  1- 3 |  4- 6 || total
-------------------------+-------+-------++-------
Melee: Hand axe          |    95 |    39 ||   134
       Kick              |    21 |    13 ||    34
       Peck              |    11 |     8 ||    19
       Punch             |     1 |       ||     1
Throw: Boomerang         |     7 |       ||     7
  Use: Scroll            |    10 |       ||    10
Armor: Leather armour    |    16 |       ||    16
       Chain mail        |    21 |    14 ||    35
Dodge: Dodged            |    57 |    24 ||    81

Table legend:
 A = Non-vault XP
 B = Vault XP
 C = Vault XP percentage of total XP
 D = Non-vault monster count
 E = Vault monster count
 F = Vault count percentage of total count
                 A         B        C        D         E       F
            +---------+---------+-------+---------+---------+-------
      Total |     298 |       0 |   0.0 |      50 |       0 |   0.0
            +---------+---------+-------+---------+---------+-------
        D:1 |      32 |       0 |   0.0 |      18 |       0 |   0.0
        D:2 |      40 |       0 |   0.0 |      18 |       0 |   0.0
        D:3 |      26 |       0 |   0.0 |       8 |       0 |   0.0
        D:6 |     200 |       0 |   0.0 |       6 |       0 |   0.0
            +---------+---------+-------+---------+---------+-------
